 Dungeon Crawl Stone Soup version 0.14.1 (webtiles) character file.

42 keeper the Grave Robber (level 2, -1/19 HPs)
             Began as a Demonspawn Necromancer on Apr 30, 2014.
             Slain by a jackal (3 damage)
             ... on Level 1 of the Dungeon.
             The game lasted 00:01:20 (532 turns).

keeper the Grave Robber (Demonspawn Necromancer)     Turns: 532, Time: 00:01:20

HP  -1/19        AC  3     Str  8      XL: 2   Next: 13%
MP   2/13        EV 12     Int 16      God:
Gold 31          SH  0     Dex 13      Spells:  1 memorised,  4 levels left

rFire  . . .     SeeInvis .     h - +1,+0 whip
rCold  . . .     Clarity  .     a - +0 robe
rNeg   . . .     Conserve .     (no shield)
rPois  .         rCorr    .     (no helmet)
rElec  .         rRot     .     (no cloak)
SustAb . .       Spirit   .     f - +0 pair of gloves
rMut   .         Warding  .     (no boots)
Saprov . . .     Stasis   .     (no amulet)
MR     .....                    (no ring)
                                d - ring of magical power

@: not resistant to hostile enchantments, fairly stealthy
A: claws 1
a: no special abilities


You were on level 1 of the Dungeon.
You were not hungry.

You visited 1 branch of the dungeon, and saw 1 of its levels.

You collected 31 gold pieces.


Innate Abilities, Weirdness & Mutations

You have sharp fingernails.


   Skills:
 - Level 1.7 Dodging
 - Level 1.7 Stealth
 - Level 2.0 Spellcasting
 + Level 5.0 Necromancy


You had 4 spell levels left.
You knew the following spells:

 Your Spells              Type           Power        Failure   Level  Hunger
z - Pain                  Necr           ###.         2%          1    #......

Inventory:

Hand weapons
 h - a +1,+0 whip (weapon)
Armour
 a - a +0 robe (worn)
 f - a +0 pair of gloves (worn)
Comestibles
 c - a bread ration
Jewellery
 d - a ring of magical power (left hand)
Books
 b - a book of Necromancy

   Spells                             Type                      Level
   *Pain                              Necromancy                   1
   Animate Skeleton                   Necromancy                   1
   Lethal Infusion                    Charms/Necromancy            2
   Vampiric Draining                  Necromancy                   3
   Regeneration                       Charms/Necromancy            3
   Animate Dead                       Necromancy                   4
   Control Undead                     Necromancy                   4

Dungeon Overview and Level Annotations

Branches:
Dungeon (1/15)

Altars:

·····▒▒▒▒▒▒▒'▒▒▒▒▒▒▒▒·····▒······
·····▒········s····▒▒·····▒······
·····▒·▒▒▒▒▒▒▒▒▒▒▒·▒▒············
·····▒··▒·······▒··▒▒············
·····▒·▒·▒▒▒▒▒▒▒·▒·▒▒············
·····▒·▒▒·······▒▒·▒▒············
·····▒·▒·▒▒▒+▒▒▒·▒·▒▒▒···········
·▒▒▒▒▒·▒·▒·····▒·▒·▒ ▒·····▒···▒▒
·▒▒▒▒▒·▒·▒·····▒6▒·▒ ▒▒·▒········
·▒·'·'·▒·'··<··+h▒·+ +··▒········
···▒▒▒·▒·▒·····▒h▒·▒ ▒▒▒▒········
·····▒·▒·▒·····▒·▒s▒▒▒···········
·(···▒·▒·▒▒▒+▒▒▒s▒·▒▒············
····▒▒·▒▒·······▒▒h▒▒········▒···
····▒▒·▒·▒▒▒▒▒▒▒·▒(▒▒·▒▒·········
▒····▒··▒·······▒h·▒▒············
·····▒·▒▒▒▒▒▒▒▒▒▒▒·▒·······▒·····


You could see 2 jackals and a giant cockroach.


Message History

The jackal barely misses you. The jackal bites you.
* * * LOW HITPOINT WARNING * * *
The jackal closely misses you.
Your magical contamination has completely faded away.
Found 14 arrows.
You aren't carrying any potions.
Read which item? (? for menu, Esc to quit)
As you read the scroll labeled HUOC OCZOLESOI, it crumbles to dust.
It is a scroll of enchant weapon I.
Enchant which weapon? (? for menu, Esc to quit)
Your +0,+0 whip glows green for a moment.
The jackal bites you.
* * * LOW HITPOINT WARNING * * *
The jackal bites you.
* * * LOW HITPOINT WARNING * * *
The jackal closely misses you.
The jackal bites you but does no damage.
The jackal misses you.
You see here 14 arrows.
The jackal closely misses you.
The jackal bites you but does no damage.
Put on which piece of jewellery? (? for menu, Esc to quit)
You feel your magic capacity increase.
d - a ring of magical power (left hand)
The jackal bites you but does no damage.
You hit the jackal.
The jackal is moderately wounded.
The jackal bites you.
You die...

Action                   || total
-------------------------++-------
Melee: Club              ||     4
       Whip              ||     1
 Cast: Pain              ||    17
  Use: Scroll            ||     1

Vault maps used:
D:1:      matt_arrival_los_fun, serial_bayou_lake_a

Notes
Turn   | Place    | Note
--------------------------------------------------------------
     0 | D:1      | keeper, the Demonspawn Necromancer, began the quest for the Orb.
     0 | D:1      | Reached XP level 1. HP: 13/13 MP: 3/3
   276 | D:1      | Gained mutation: You have sharp fingernails. [demonic ancestry]
   276 | D:1      | Reached XP level 2. HP: 14/19 MP: 0/4
   411 | D:1      | Reached skill level 5 in Necromancy
   515 | D:1      | HP: 1/19 [jackal (1)]
   532 | D:1      | Slain by a jackal

Vanquished Creatures
  A ball python (D:1)
  3 bats (D:1)
  A goblin (D:1)
  2 kobolds (D:1)
  2 rats (D:1)
9 creatures vanquished.
